 Dungeon Crawl Stone Soup version 0.29-a0-577-gafbf2c5d25 (webtiles) character file.

Game seed: 18293109662580082317

45 happo123 the Sneak (level 3, -1/20 HPs)
             Began as a Vampire Enchanter on June 14, 2022.
             Slain by an adder (4 damage)
             ... on level 2 of the Dungeon.
             The game lasted 00:05:27 (1030 turns).

happo123 the Sneak (Vampire Enchanter)              Turns: 1030, Time: 00:05:27

Health: -1/20      AC:  2    Str:  7    XL:     3   Next: 42%
Magic:  0/6        EV: 12    Int: 19    God:
Gold:   96         SH:  0    Dex: 14    Spells: 1/6 levels left

rFire   . . .      SeeInvis +   a - +1 dagger
rCold   + + .      Faith    .   (no shield)
rNeg    + + +      Spirit   .   b - +0 robe
rPois   ∞          Reflect  .   (no helmet)
rElec   .          Harm     .   (no cloak)
rCorr   .          Rampage  .   (no gloves)
Will    .....                   (no boots)
Stlth   +++++.....              (no amulet)
HPRegen 0.00/turn               (no ring)
MPRegen 0.10/turn               (no ring)

@: bloodless, inhibited regen
A: bloodless, fangs 3, see invisible, vampiric 2
a: Bat Form, Revivify


You were on level 2 of the Dungeon.
You visited 1 branch of the dungeon, and saw 2 of its levels.

You collected 96 gold pieces.

Inventory:

Hand Weapons
 a - a +1 dagger (weapon)
Armour
 b - a +0 robe (worn)
Scrolls
 d - 2 scrolls of identify {unknown}
 e - a scroll of amnesia {unknown}
 f - 3 scrolls of teleportation {unknown}
 k - a scroll of blinking {unknown}
 n - a scroll of vulnerability {unknown}
 o - 2 scrolls of enchant weapon {unknown}
Potions
 c - 2 potions of invisibility
 g - a potion of degeneration {unknown}
 h - a potion of cancellation {unknown}
 i - a potion of curing {unknown}
 j - a potion of attraction {unknown}
 l - a potion of heal wounds {unknown}
 m - a potion of magic {unknown}
 p - a potion of flight {unknown}


   Skills:
 + Level 0.7 Fighting
 + Level 1.5 Short Blades
 + Level 2.5 Dodging
 * Level 5.2 Stealth
 + Level 2.2 Spellcasting
 * Level 5.0 Hexes
 + Level 0.3 Ice Magic


You had one spell level left.
You knew the following spells:

 Your Spells              Type           Power      Damage    Failure   Level
a - Ensorcelled Hibernat  Hex/Ice        24%        N/A       9%          2
b - Confusing Touch       Hex            21%        N/A       6%          3

Your spell library contained the following spells:

 Spells                   Type           Power      Damage    Failure   Level
 Tukima's Dance           Hex            21%        N/A       6%          3
 Dazzling Flash           Conj/Hex       22%        N/A       19%         3
 Summon Forest            Summ/Tloc      1%         N/A       99%         5
 Eringya's Noxious Bog    Tmut/Pois      1%         N/A       100%        6
 Summon Hydra             Summ           1%         N/A       100%        7


Dungeon Overview and Level Annotations

Branches:
Dungeon (2/15)

Altars:


Innate Abilities, Weirdness & Mutations

You do not regenerate when monsters are visible.
You are frail without blood (-20% HP).
You can heal yourself when you bite living creatures.
You are immune to poison.
You have razor-sharp teeth.
You have supernaturally acute eyesight. (SInv)
You are afflicted with vampirism and can become a bat while bloodless.


Message History

Your Hexes skill increases to level 5!
A hobgoblin comes into view.
The adder hisses angrily.
The adder bites you but does no damage. The adder closely misses you.
There is an open door here.
The adder attacks as you move away! The adder closely misses you.
The adder attacks as you move away! The adder closely misses you.
The adder bites you.
There is an open door here.
You miss the adder. You bite the adder, but do no damage.
The adder barely misses you.
You hit the adder.
The adder is moderately wounded.
The adder completely misses you.
You barely miss the adder.
The adder is moderately wounded.
The adder bites you. The adder misses you.
Aiming: Ensorcelled Hibernation (safe; 9% risk of failure)
Press: ? - help, Q - select action Shift-Dir - straight line, f - adder
Aim: an adder (moderately wounded, chance to affect: 54%)
The adder resists with significant effort.
The adder bites you.
You hit the adder.
The adder is heavily wounded.
The adder bites you.
You barely miss the adder.
The adder is heavily wounded.
The adder bites you.
* * * LOW HITPOINT WARNING * * *
You closely miss the adder.
The adder is heavily wounded.
The adder bites you.
* * * LOW HITPOINT WARNING * * *
You hit the adder but do no damage.
The adder is heavily wounded.
The adder misses you. The adder closely misses you.
You closely miss the adder. Your bite misses the adder.
The adder is heavily wounded.
The adder bites you.
You die...

######## #......# #...)..#
#......# ##### ######
#......# #...# #....#
#......####...#####$$).###
#.............@S..'......+
###.#######...#####....###...
#...†.#############...†.$..#
# #.#>.......
................. #.#.#.#####
......####....### #.#.#.# ##
...g.. ....# # #.#.#.# #..
...... ###### # #.#.# # #.#
#.#### #...### #.#.# #.# #.
#......


You could see an adder.

Vanquished Creatures
  An adder (D:2)
  4 dart slugs
  3 ball pythons
  2 bats (D:1)
  2 endoplasms (D:1)
  3 giant cockroaches (D:1)
  2 goblins
  2 hobgoblins
  2 kobolds (D:1)
  A quokka (D:1)
  A frilled lizard (D:1)
  4 rats
27 creatures vanquished.

Vanquished Creatures (others)
  A plant (D:2)
1 creature vanquished.

Grand Total: 28 creatures vanquished

Notes
Turn   | Place    | Note
-------+----------+-------------------------------------------
     0 | D:1      | happo123 the Vampire Enchanter began the quest for the Orb.
     0 | D:1      | Reached XP level 1. HP: 13/13 MP: 3/3
   188 | D:1      | Found a faded altar of an unknown god.
   212 | D:1      | Reached XP level 2. HP: 19/19 MP: 5/5
   215 | D:1      | Learned a level 2 spell: Ensorcelled Hibernation
   728 | D:1      | Reached skill level 5 in Stealth
   911 | D:2      | Gained mutation: You are afflicted with vampirism and can
                  | become a bat while bloodless. [Vampire growth]
   911 | D:2      | Reached XP level 3. HP: 20/20 MP: 6/6
   915 | D:2      | Learned a level 3 spell: Confusing Touch
  1011 | D:2      | Reached skill level 5 in Hexes
  1030 | D:2      | Slain by an adder

Illustrated notes

Levels and vault maps discovered:
D:1:      psy_arrival_statuary, layout_basic, shapermc_ecumenical_altar_venn
D:2:      layout_basic, serial_bayou_pond_d

Skill      XL: |  1  2  3 |
---------------+----------+-----
Stealth        | 5 |  5.2
Hexes          | 5 |  5.0
Fighting       | |  0.7
Short Blades   | |  1.5
Dodging        | |  2.5
Spellcasting   | |  2.2
Ice Magic      | |  0.3

Action                   || total
-------------------------++-------
Melee: Dagger            ||    65
       Bite              ||     5
 Cast: Ensorcelled Hiber ||    12
 Abil: Exsanguinate      ||     1
 Stab: Sleeping          ||    18
Armor: Robe              ||    13
Dodge: Dodged            ||    43

Table legend: (Time is in decaauts)
 A = Elapsed time spent in this place.
 B = Non-inter-level travel time spent in this place.
 C = Inter-level travel time spent in this place.
 D = Time resting spent in this place.
 E = Time spent auto-exploring this place.
 F = Levels seen in this place.
 G = Mean time per level.
                   A        B        C        D        E       F      G
               +--------+--------+--------+--------+--------+-----+--------+
         Total |   1025 |    977 |     48 |     42 |    667 |   2 |  512.5 |
       Dungeon |   1025 |    977 |     48 |     42 |    667 |   2 |  512.5 |
               +--------+--------+--------+--------+--------+-----+--------+

Top non-repeatable levels by time:
     D:1: 827 daAuts
     D:2: 198 daAuts
